 Dungeon Crawl Stone Soup version 0.31.0-9-g3a7656b989 (webtiles) character file.

Game seed: 11459979578048450802

783 qw the Skirmisher (level 7, -3/40 HPs)
             Began as a Deep Elf Hunter on Feb 2, 2024.
             Incinerated by a bombardier beetle (4 damage)
             ... with a burning spray
             ... on level 6 of the Dungeon.
             The game lasted 00:00:17 (3973 turns).

qw the Skirmisher (Deep Elf Hunter)                 Turns: 3973, Time: 00:00:17

Health: -3/40      AC: 11    Str: 10    XL:     7   Next: 55%
Magic:  9/9        EV: 11    Int: 14    God:
Gold:   261        SH:  0    Dex: 18    Spells: 6/6 levels left

rFire   . . .        a - +1 shortbow
rCold   + . .        (shield currently unavailable)
rNeg    . . .        g - +1 ring mail {rC+}
rPois   .            (no helmet)
rElec   .            (no cloak)
rCorr   .            i - +2 pair of gloves
SInv    +            l - +1 pair of boots
Will    +....        (no amulet)
Stlth   +            m - ring of see invisible
HPRegen 0.26/turn    c - ring of willpower
MPRegen 0.11/turn

%: no passive effects
@: on fire, glowing
A: no striking features
a: no special abilities


You were on level 6 of the Dungeon.
You visited 1 branch of the dungeon, and saw 6 of its levels.

You collected 261 gold pieces.


   Skills:
 - Level 2.1 Fighting
 + Level 11.5 Ranged Weapons
 - Level 1.2 Armour
 - Level 3.0 Dodging
 - Level 1.2 Stealth


You had 6 spell levels left.
You didn't know any spells.
Your spell library was empty.

Inventory:

Hand Weapons
 a - a +1 shortbow (weapon)
Armour
 g - a +1 ring mail of cold resistance (worn)
 i - a +2 pair of gloves (worn)
 l - a +1 pair of boots (worn)
Jewellery
 c - a ring of willpower (right hand)
 m - a ring of see invisible (left hand)
 Y - a ring of protection from cold
Wands
 h - a wand of paralysis (6)
Scrolls
 e - 2 scrolls of teleportation
Potions
 d - a potion of curing
 k - 3 potions of might

Dungeon Overview and Level Annotations

Branches:
Dungeon (6/15)
 Temple: D:4-7

Altars:
Cheibriados
Elyvilon
Hepliaklqana
Vehumet
Xom

Annotations:
D:5 2 transporters, qw's ghost, amateur DgHu


Message History

You shoot an arrow.
The arrow barely misses the bombardier beetle.
You shoot an arrow. The arrow hits the bombardier beetle.
The bombardier beetle is moderately wounded.
You shoot an arrow.
The arrow barely misses the bombardier beetle.
The bombardier beetle sprays incendiary fluid at you.
The burning spray misses you.
You shoot an arrow. The arrow hits the bombardier beetle!
The bombardier beetle is almost dead.
You shoot an arrow.
The arrow hits the bombardier beetle but does no damage.
The bombardier beetle is almost dead.
The bombardier beetle sprays incendiary fluid at you.
The burning spray hits you.
You are covered in liquid fire!
You shoot an arrow. The arrow hits the bombardier beetle!
You kill the bombardier beetle!
The liquid fire burns you!
You are on fire!
The liquid fire burns you!
You are on fire!
The liquid fire burns you!
You are on fire!
The liquid fire burns you!
You are on fire!
The liquid fire burns you!
You are on fire!
The liquid fire burns you!
You are on fire!
The liquid fire burns you!
You are on fire!
The liquid fire burns you!
You are on fire!
The liquid fire burns you!
You are on fire!
The liquid fire burns you!
You are on fire!
The liquid fire burns you!
You die...

##############
......#......##
..............#
...%...........
....>..........
.........?.....
...............
.......@.......
#####..........
#..........
#..........
...........
##..........
#..........
#..........


There were no monsters in sight!

Vanquished Creatures
  An ice beast (D:5)
  A phantom (D:4)
  2 scorpions (D:5)
  A bombardier beetle (D:6)
  A howler monkey (D:4)
  A hound (D:4)
  2 orc priests (D:5)
  A jelly (D:5)
  4 iguanas
  2 orc wizards
  3 gnolls (D:2)
  7 adders
  4 dart slugs
  A ribbon worm (D:4)
  5 orcs (D:4)
  4 bats
  5 endoplasms
  2 giant cockroaches (D:2)
  6 goblins
  3 hobgoblins
  3 jackals (D:3)
  5 kobolds
  5 quokkas
  9 ball pythons
  5 frilled lizards
  3 rats
86 creatures vanquished.

Notes
Turn   | Place    | Note
-------+----------+-------------------------------------------
     0 | D:1      | qw the Deep Elf Hunter began the quest for the Orb.
     0 | D:1      | Reached XP level 1. HP: 12/12 MP: 3/3
     0 | D:1      | 0 ||| qw: Version: 0.3-a-155-g5e7d8dd
     0 | D:1      | 0 ||| qw: Game counter: 2515
     0 | D:1      | 0 ||| qw: Melee chars always use a shield: true
     0 | D:1      | 0 ||| qw: God list: Okawaru
     0 | D:1      | 0 ||| qw: Allow faded altars: false
     0 | D:1      | 0 ||| qw: Do Orc after clearing Dungeon:15 true
     0 | D:1      | 0 ||| qw: Do second Lair branch before Depths: true
     0 | D:1      | 0 ||| qw: Lair rune preference: random
     0 | D:1      | 0 ||| qw: Goals: Normal
     0 | D:1      | 0 ||| PLANNING D:1-11
   398 | D:1      | Reached XP level 2. HP: 16/16 MP: 4/4
   487 | D:1      | Reached skill level 6 in Ranged Weapons
   808 | D:1      | 808 ||| UPGRADING to +0 ring mail of cold resistance.
   818 | D:1      | 818 ||| DROPPING +0 leather armour.
   819 | D:1      | 819 ||| UPGRADING to +2 pair of gloves.
   824 | D:1      | 824 ||| DROPPING +6 ring of intelligence.
   825 | D:1      | 825 ||| UPGRADING to ring of see invisible.
   826 | D:1      | 826 ||| READING scroll labelled TOFFIE GUCA.
   826 | D:1      | 826 ||| ENCHANTING +0 shortbow.
   827 | D:1      | 827 ||| READING 4 scrolls labelled NADE FAYTULA.
   832 | D:1      | 832 ||| READING scroll labelled XUME NIAJIVYNN.
   832 | D:1      | 832 ||| ENCHANTING +0 ring mail of cold resistance.
   833 | D:1      | 833 ||| READING scroll labelled SUOHIK XYONA.
   834 | D:1      | 834 ||| READING scroll labelled ZAENGOOLLUH.
   834 | D:1      | 834 ||| IDENTIFYING fizzy pink potion
   835 | D:1      | 835 ||| DROPPING scroll of butterflies.
   836 | D:1      | 836 ||| DROPPING potion of attraction.
   984 | D:2      | Reached XP level 3. HP: 20/20 MP: 5/5
  1229 | D:2      | Found a faded altar of an unknown god.
  1254 | D:2      | Reached skill level 7 in Ranged Weapons
  1454 | D:2      | 1454 ||| RETREEEEATING.
  1456 | D:2      | 1456 ||| RETREEEEATING.
  1462 | D:2      | Reached XP level 4. HP: 22/25 MP: 6/6
  1524 | D:2      | 1524 ||| UPGRADING to ring of protection from cold.
  1525 | D:2      | 1525 ||| READING scroll of identify.
  1525 | D:2      | 1525 ||| IDENTIFYING brown potion
  1526 | D:2      | 1526 ||| READING scroll labelled ASHROFI QUTS.
  1527 | D:2      | 1527 ||| READING scroll labelled DACZEA GELA.
  1528 | D:2      | 1528 ||| DRINKING 2 puce potions.
  1529 | D:2      | 1529 ||| DROPPING potion of ambrosia.
  1720 | D:3      | Found a white marble altar of Elyvilon.
  1906 | D:3      | 1906 ||| READING scroll of identify.
  1906 | D:3      | 1906 ||| IDENTIFYING green potion
  1907 | D:3      | 1907 ||| READING scroll labelled FEUGAO WIHAS.
  2008 | D:3      | 2008 ||| DRINKING 2 murky silvery potions.
  2055 | D:4      | Reached skill level 8 in Ranged Weapons
  2063 | D:4      | Reached XP level 5. HP: 29/29 MP: 7/7
  2154 | D:4      | Found a snail-covered altar of Cheibriados.
  2223 | D:4      | Found a hazy altar of Hepliaklqana.
  2223 | D:4      | Found a radiant altar of Vehumet.
  2338 | D:4      | Noticed a phantom
  2339 | D:4      | 2339 ||| ZAPPING wand of paralysis (7) at -5,1 (phantom;
                  | floor).
  2346 | D:4      | Killed a phantom
  2347 | D:4      | Reached skill level 9 in Ranged Weapons
  2454 | D:4      | Reached XP level 6. HP: 35/35 MP: 8/8
  2461 | D:4      | HP: 7/35 [iguana (9)]
  2462 | D:4      | 2462 ||| READING 3 scrolls of teleportation.
  2463 | D:4      | 2463 ||| DRINKING potion of heal wounds.
  2490 | D:4      | 2490 ||| FLEEEEING.
  2491 | D:4      | 2491 ||| FLEEEEING.
  2495 | D:4      | 2495 ||| STAIRDANCE
  2508 | D:3      | 2508 ||| READING scroll labelled LETHOSK UTEEQA.
  2593 | D:4      | Found a shimmering altar of Xom.
  2860 | D:4      | 2860 ||| READING scroll of identify.
  2860 | D:4      | 2860 ||| IDENTIFYING grey potion
  2861 | D:4      | 2861 ||| DROPPING potion of lignification.
  2876 | D:5      | Entered Level 5 of the Dungeon
  2876 | D:5      | Noticed an ice beast
  2887 | D:5      | Killed an ice beast
  2888 | D:5      | Reached skill level 10 in Ranged Weapons
  2942 | D:5      | Found a transporter.
  2952 | D:5      | Found a transporter.
  2952 | D:5      | Noticed qw's ghost (amateur DgHu)
  2968 | D:5      | 2968 ||| FLEEEEING.
  2969 | D:5      | 2969 ||| FLEEEEING.
  2980 | D:5      | Reached skill level 3 in Dodging
  3085 | D:5      | Reached XP level 7. HP: 40/40 MP: 9/9
  3093 | D:5      | Reached skill level 1 in Armour
  3515 | D:5      | Reached skill level 11 in Ranged Weapons
  3712 | D:5      | 3712 ||| UPGRADING to +1 pair of boots.
  3717 | D:5      | 3717 ||| UPGRADING to ring of willpower.
  3719 | D:5      | 3719 ||| READING scroll labelled KANEENACECH.
  3720 | D:5      | 3720 ||| DRINKING 2 inky potions.
  3721 | D:5      | 3721 ||| DROPPING potion of invisibility.
  3738 | D:6      | 3738 ||| STAIRDANCE
  3776 | D:6      | 3776 ||| STAIRDANCE
  3802 | D:6      | 3802 ||| STAIRDANCE
  3816 | D:6      | 3816 ||| STAIRDANCE
  3821 | D:5      | HP: 7/40 [burnt (6)]
  3970 | D:6      | HP: 9/40 [burnt (5)]
  3972 | D:6      | HP: 1/40 [burnt (5)]
  3973 | D:6      | Incinerated by a bombardier beetle

Levels and vault maps discovered:
D:1:      saegor_arrival_simple_a, layout_loops_corners
D:2:      minmay_wonky_spiral, layout_basic,
          shapermc_ecumenical_altar_flowoftime
D:3:      layout_rooms, old_standard_altar
D:4:      layout_loops_ring, mainiacjoe_overflow_chevrons,
          nicolae_overflow_two_pavilions, amcnicky_altar_gilded
D:5:      layout_layer_cave, gammafunk_ghost_arena
D:6:      layout_rooms, nicolae_overflow_quartered_altars, uniq_edmund,
          uniq_blork_the_orc

Skill      XL: |  1  2  3  4  5  6  7 |
---------------+----------------------+-----
Ranged Weapons | 6 7 8 9 10 11 | 11.5
Fighting       | 2 |  2.1
Dodging        | 3 |  3.0
Armour         | 1 |  1.2
Stealth        | |  1.2

Action                     |  1- 3 |  4- 6 |  7- 9 || total
---------------------------+-------+-------+-------++-------
   Fire: Shortbow          |    77 |   170 |    54 ||   301
  Evoke: Wand              |       |     1 |       ||     1
    Use: Scroll            |     5 |     8 |     1 ||    14
         Potion            |       |     3 |     1 ||     4
 Armour: Leather armour    |     5 |       |       ||     5
         Ring mail         |    15 |    45 |    25 ||    85
  Dodge: Dodged            |    14 |    41 |    18 ||    73

Table legend:
 A = Non-vault XP
 B = Vault XP
 C = Vault XP percentage of total XP
 D = Non-vault monster count
 E = Vault monster count
 F = Vault count percentage of total count
                 A         B        C        D         E       F
            +---------+---------+-------+---------+---------+-------
      Total |    1112 |       7 |   0.6 |      81 |       5 |   5.8
            +---------+---------+-------+---------+---------+-------
        D:1 |      19 |       0 |   0.0 |      11 |       0 |   0.0
        D:2 |      84 |       7 |   7.7 |      18 |       5 |  21.7
        D:3 |      19 |       0 |   0.0 |      10 |       0 |   0.0
        D:4 |     384 |       0 |   0.0 |      28 |       0 |   0.0
        D:5 |     552 |       0 |   0.0 |      13 |       0 |   0.0
        D:6 |      54 |       0 |   0.0 |       1 |       0 |   0.0
            +---------+---------+-------+---------+---------+-------
